 Seeded DCSS version 0.31-a0-180-g519b7de00c (webtiles) character file.

Game seed: 8530248832562905108 (custom seed)

7503 innerfire43 the Spear-Bearer (level 10, -1/80 HPs)
             Began as a Demonspawn Monk on June 19, 2023.
             Slain by a yak (11 damage)
             ... on level 9 of the Dungeon.
             The game lasted 00:08:21 (8476 turns).

innerfire43 the Spear-Bearer (Demonspawn Monk)      Turns: 8476, Time: 00:08:22

Health: -1/80      AC:  6    Str: 16    XL:     10   Next: 95%
Magic:  0/10       EV: 17    Int: 13    God:
Gold:   530        SH:  0    Dex: 22    Spells: 9/9 levels left

rFire   . . .        s - +7 spear of the Winnowing Big Fish {drain, rPois rN+ Int+2}
rCold   . . .        d - orb {light}
rNeg    + . .        b - +0 robe
rPois   +            (helmet restricted)
rElec   .            (no cloak)
rCorr   .            (no gloves)
SInv    .            q - +0 pair of boots
Will    .....        (no amulet)
Stlth   +            y - +6 ring of dexterity
HPRegen 0.33/turn    (no ring)
MPRegen 0.24/turn

%: guardian spirit
@: glowing, studying Axes
A: horns 1, thin metallic scales 2, magic shield, magic regeneration
a: no special abilities


You were on level 9 of the Dungeon.
You visited 1 branch of the dungeon, and saw 9 of its levels.

You collected 530 gold pieces.

Inventory:

Hand Weapons
 a - a +0 spear
 c - a +0 dagger
 s - the +7 spear of the Winnowing Big Fish (weapon) {drain, rPois rN+ Int+2}
   (You found it on level 3 of the Dungeon)

   Int:       It affects your intelligence (+2).
   rPois:     It protects you from poison.
   rN:        It protects you from negative energy.
 F - the +6 sling "Tevevinn" {heavy, *Slow rElec rN++ Will- Dex+3}
   (You found it on level 6 of the Dungeon)

   Dex:       It affects your dexterity (+3).
   rElec:     It insulates you from electricity.
   rN:        It greatly protects you from negative energy.
   *Slow:     It may slow you when you take damage.
   Will:      It decreases your willpower.
Armour
 b - a +0 robe (worn)
 d - an orb of light (worn)
 m - a +0 helmet
 q - a +0 pair of boots (worn)
Jewellery
 t - a ring of positive energy
 y - a +6 ring of dexterity (left hand)
 D - a +6 ring of intelligence
 G - a ring of resist corrosion
 H - a ring of poison resistance
Wands
 A - a wand of light (7)
 L - a wand of iceblast (5)
Scrolls
 e - 7 scrolls of teleportation {unknown}
 f - 4 scrolls of fear {unknown}
 g - a scroll of brand weapon {unknown}
 i - 5 scrolls of identify {unknown}
 j - 2 scrolls of amnesia {unknown}
 k - 4 scrolls of enchant weapon {unknown}
 n - 2 scrolls of immolation {unknown}
 B - a scroll of revelation {unknown}
 C - a scroll of vulnerability {unknown}
 E - 2 scrolls of blinking {unknown}
 I - a scroll of noise {unknown}
 M - a scroll of acquirement {unknown}
 N - a scroll of enchant armour {unknown}
Potions
 l - 2 potions of lignification {unknown}
 o - 3 potions of degeneration {unknown}
 r - 2 potions of brilliance {unknown}
 u - 3 potions of enlightenment {unknown}
 v - a potion of magic {unknown}
 w - 2 potions of invisibility {unknown}
 x - 3 potions of mutation {unknown}
 z - a potion of haste {unknown}
 J - a potion of cancellation {unknown}
 K - a potion of berserk rage {unknown}


   Skills:
 + Level 7.8 Fighting
 * Level 12.7 Polearms
 + Level 6.9 Dodging
 - Level 0.5 Stealth


You had 9 spell levels left.
You didn't know any spells.
Your spell library contained the following spells:

 Spells                   Type           Power      Damage    Failure   Level
 Necrotise                Necr           0%         1d4       30%         1
 Cigotuvi's Dreadful Rot  Necr/Pois/Air  0%         N/A       43%         2
 Vampiric Draining        Necr           0%         2d6       67%         3
 Dispel Undead            Necr           0%         3d6       97%         4
 Agony                    Necr           0%         N/A       100%        5
 Death Channel            Necr           0%         N/A       100%        6


Dungeon Overview and Level Annotations

Branches:
Dungeon (9/15)             Temple (0/1) D:7            Lair (0/5) D:9
    Orc: D:9-12

Altars:
Ashenzari
Dithmenos
Kikubaaqudgha
Qazlal
Sif Muna
Yredelemnul

Shops:
D:3 :

Annotations:
D:5 2 transporters, Menkaure
D:6 1 runed translucent door


Innate Abilities, Weirdness & Mutations

You have a pair of small horns on your head.
You are mostly covered in thin metallic scales. (AC +3)
When hurt, damage is shared between your health and your magic reserves.
You regenerate magic rapidly.


Message History

The yak closely misses you.
It was a potion of curing.
You feel better. The yak closely misses you. The yak barely misses you.
The yak gores you!
* * * LOW HITPOINT WARNING * * *
It was a potion of heal wounds.
You feel much better. The yak barely misses you. The yak gores you.
The yak closely misses you.
You hit the yak. You drain the yak.
The yak is moderately wounded.
You hit the yak. You drain the yak.
The yak is heavily wounded.
The yak barely misses you. The yak completely misses you.
The yak closely misses you.
You barely miss the yak. You headbutt the yak.
The yak is heavily wounded.
You hit the yak.
The yak is severely wounded.
The yak gores you! x2
* * * LOW HITPOINT WARNING * * *
The yak closely misses you.
You barely miss the yak.
The yak is severely wounded.
You hit the yak.
The yak is severely wounded.
The yak closely misses you. The yak completely misses you. The yak gores you!
* * * LOW HITPOINT WARNING * * *
You hit the yak but do no damage. You drain the yak.
The yak is almost dead.
You puncture the yak!
You kill the yak!
The yak completely misses you. x2
You feel better. The yak gores you!
* * * LOW HITPOINT WARNING * * *
The yak barely misses you.
You feel better. The yak closely misses you. x2
You hit the yak but do no damage. You drain the yak. You headbutt the yak.
The yak is lightly wounded.
You hit the yak. You headbutt the yak, but do no damage.
The yak is lightly wounded.
The yak completely misses you. The yak gores you!
You die...

....# ....>........... ....#
................. ....#
#................. ....#
#.................
....####.................
.).....#.........†.......
)).....#..........(......
....#..#........†Y.......
....#...........@........
....#............Y.......#####
....####.................#...#
....#..#.................#...#
.(..#..'............)....#...#
....######################...####
.................................
.................................
..######....#..###############..#


You could see 2 yaks.

Vanquished Creatures
  A two-headed ogre (D:8)
  A cyclops (D:8)
  An unseen horror (shapeshifter) (D:8)
  Grinder (D:5)
  Prince Ribbit (D:5)
  5 yaks (D:9)
  2 wyverns
  Eustachio (D:5)
  2 steam dragons (D:8)
  Duvessa (D:4)
  An acid dragon (D:8)
  2 water moccasins (D:9)
  3 ice beasts
  3 orc warriors
  5 black bears
  3 centaurs
  3 ogres (D:7)
  Blork the orc (D:5)
  2 kobold brigands
  9 bullfrogs
  14 scorpions
  Dowan (D:4)
  4 killer bees
  3 howler monkeys (D:8)
  4 hounds
  7 orc priests
  5 iguanas
  4 orc wizards
  4 adders
  3 shadow imps
  3 white imps
  An ufetubus (D:5)
  2 dart slugs
  19 orcs
  3 bats (D:3)
  5 endoplasms
  7 giant cockroaches
  3 goblins
  5 hobgoblins
  14 kobolds
  4 quokkas
  3 ball pythons
  3 frilled lizards
  8 rats
  A butterfly (D:6)
178 creatures vanquished.

Vanquished Creatures (others)
  An orc (D:8)
1 creature vanquished.

Grand Total: 179 creatures vanquished

Notes
Turn   | Place    | Note
-------+----------+-------------------------------------------
     0 | D:1      | innerfire43 the Demonspawn Monk began the quest for the
                  | Orb.
     0 | D:1      | Reached XP level 1. HP: 18/18 MP: 1/1
   694 | D:2      | Reached skill level 3 in Polearms
   699 | D:2      | Gained mutation: You regenerate magic rapidly. [demonic
                  | ancestry]
   699 | D:2      | Reached XP level 2. HP: 20/24 MP: 2/2
   823 | D:2      | Gained mutation: You are partially covered in thin metallic
                  | scales. (AC +2) [demonic ancestry]
   823 | D:2      | Reached XP level 3. HP: 4/29 MP: 3/3
  1024 | D:2      | Identified the +0 helmet of Prudence {Will+ Str+4}
  1332 | D:2      | Gained mutation: You are mostly covered in thin metallic
                  | scales. (AC +3) [demonic ancestry]
  1332 | D:2      | Reached XP level 4. HP: 34/35 MP: 4/4
  2069 | D:3      | Reached skill level 4 in Polearms
  2182 | D:3      | Found a broken altar of Ashenzari.
  2297 | D:3      | Identified the +7 spear of the Winnowing Big Fish {drain,
                  | rPois rN+ Int+2}
  2657 | D:3      | Found Luextoh's Book Shop.
  2727 | D:3      | Noticed a scorpion
  2730 | D:3      | Killed a scorpion
  2731 | D:3      | Reached XP level 5. HP: 41/41 MP: 5/5
  2987 | D:4      | Reached skill level 5 in Polearms
  3001 | D:4      | Noticed Dowan
  3003 | D:4      | Noticed Duvessa
  3012 | D:4      | Killed Duvessa
  3013 | D:4      | Reached XP level 6. HP: 31/48 MP: 6/6
  3015 | D:4      | Killed Dowan
  3264 | D:4      | Reached skill level 6 in Polearms
  3327 | D:4      | Reached XP level 7. HP: 54/54 MP: 7/7
  3532 | D:5      | Entered Level 5 of the Dungeon
  3583 | D:5      | Found a shimmering blue altar of Sif Muna.
  3636 | D:5      | Noticed Eustachio
  3652 | D:5      | Killed Eustachio
  3653 | D:5      | Noticed Blork the orc
  3661 | D:5      | Killed Blork the orc
  3662 | D:5      | Reached skill level 7 in Polearms
  3729 | D:5      | Found a stormy altar of Qazlal.
  3784 | D:5      | Noticed a vampire
  3792 | D:5      | Found a transporter.
  3795 | D:5      | Noticed a wraith
  3797 | D:5      | Noticed Menkaure
  3836 | D:5      | Noticed a vampire
  3859 | D:5      | Found an ancient bone altar of Kikubaaqudgha.
  3875 | D:5      | Gained mutation: When hurt, damage is shared between your
                  | health and your magic reserves. [demonic ancestry]
  3875 | D:5      | Reached XP level 8. HP: 53/61 MP: 8/8
  3919 | D:5      | Found a basalt altar of Yredelemnul.
  3923 | D:5      | Found a transporter.
  4052 | D:5      | Found Betuhot's One-of-a-Kind Rings.
  4196 | D:5      | Noticed Prince Ribbit
  4197 | D:5      | Noticed Grinder
  4211 | D:5      | Killed Grinder
  4212 | D:5      | Reached skill level 5 in Fighting
  4212 | D:5      | Reached skill level 8 in Polearms
  4228 | D:5      | Killed Prince Ribbit
  4585 | D:6      | Reached skill level 9 in Polearms
  4585 | D:6      | Reached skill level 5 in Dodging
  4649 | D:6      | Reached XP level 9. HP: 68/68 MP: 9/9
  4775 | D:6      | Found a runed translucent door.
  4777 | D:6      | Found a runed translucent door.
  5094 | D:6      | Identified the +6 sling "Tevevinn" {heavy, *Slow rElec rN++
                  | Will- Dex+3}
  5591 | D:7      | Reached skill level 10 in Polearms
  6377 | D:7      | Found a staircase to the Ecumenical Temple.
  6795 | D:8      | Noticed an unseen horror
  6808 | D:8      | Killed an unseen horror
  6809 | D:8      | Reached skill level 11 in Polearms
  6949 | D:8      | Noticed a two-headed ogre
  6963 | D:8      | Killed a two-headed ogre
  6964 | D:8      | Gained mutation: You have a pair of small horns on your
                  | head. [demonic ancestry]
  6964 | D:8      | Reached XP level 10. HP: 37/77 MP: 4/10
  6975 | D:8      | Noticed a cyclops
  7002 | D:8      | Killed a cyclops
  7789 | D:9      | Reached skill level 12 in Polearms
  7801 | D:9      | Found a staircase to the Lair.
  8028 | D:9      | Found a shadowy altar of Dithmenos.
  8473 | D:9      | HP: 4/80 [yak (12)]
  8476 | D:9      | Slain by a yak

Illustrated notes

Levels and vault maps discovered:
D:1:      saegor_arrival_fortress, layout_basic
D:2:      layout_basic, grunt_ministairs_4
D:3:      layout_loops_ring, mainiacjoe_overflow_chevrons, serial_shops, shop,
          bh_walls_and_bars
D:4:      layout_basic, minmay_misc_feat_pillars, uniq_duvessa
D:5:      layout_loops_ring, gammafunk_temple_of_torment, amcnicky_altar_gilded,
          nicolae_qazlal_general_emergency, nicolae_shop_unique_rings,
          kennysheep_generic_room_2, uniq_eustachio, uniq_grinder,
          uniq_prince_ribbit1, uniq_blork_the_orc
D:6:      lemuel_insect_pit, layout_loops_ring
D:7:      layout_loops_corners, tso_metal_star, temple_pool_b
D:8:      layout_cave_pods, small_chamber_with_monster, minmay_manual_monolith
D:9:      layout_grid_maze, nicolae_dithmenos_through_a_glass_darkly,
          due_lair_maze_entry_diamond

Skill      XL: |  1  2  3  4  5  6  7  8  9 10 |
---------------+-------------------------------+-----
Polearms       | 3 4 5 6 7 9 11 12 | 12.7
Dodging        | 3 4 5 6 |  6.9
Fighting       | 4 5 6 7 |  7.8
Stealth        | |  0.5

Action                     |  1- 3 |  4- 6 |  7- 9 | 10-12 || total
---------------------------+-------+-------+-------+-------++-------
  Melee: Spear             |    79 |   114 |   284 |   166 ||   643
         Headbutt          |       |       |       |    49 ||    49
    Use: Potion            |       |       |       |     6 ||     6
   Stab: Sleeping          |       |       |     1 |     1 ||     2
         Distracted        |       |       |     1 |       ||     1
 Armour: Robe              |    10 |    29 |    53 |    21 ||   113
  Dodge: Dodged            |    40 |    50 |   154 |    86 ||   330

Table legend: (Time is in decaauts)
 A = Elapsed time spent in this place.
 B = Non-inter-level travel time spent in this place.
 C = Inter-level travel time spent in this place.
 D = Time resting spent in this place.
 E = Time spent auto-exploring this place.
 F = Levels seen in this place.
 G = Mean time per level.
                   A        B        C        D        E       F      G
               +--------+--------+--------+--------+--------+-----+--------+
         Total |   8274 |   7930 |    344 |      0 |   6784 |   9 |  919.3 |
       Dungeon |   8274 |   7930 |    344 |      0 |   6784 |   9 |  919.3 |
               +--------+--------+--------+--------+--------+-----+--------+

Top non-repeatable levels by time:
     D:2: 1307 daAuts
     D:8: 1076 daAuts
     D:7: 1071 daAuts
     D:5: 1003 daAuts
     D:6: 953 daAuts
     D:3: 833 daAuts
     D:4: 700 daAuts
     D:1: 670 daAuts
     D:9: 658 daAuts
